 Dungeon Crawl Stone Soup version 0.29.1-4-g47bece8355 (webtiles) character file.

Game seed: 9282030161767015870

70 venomsnake the Chopper (level 4, -6/60 HPs)
             Began as a Minotaur Berserker on Dec 9, 2022.
             Was a Believer of Trog.
             Mangled by a gnoll
             ... wielding a +0 halberd
              (11 damage)
             ... on level 2 of the Dungeon.
             The game lasted 00:03:37 (1536 turns).

venomsnake the Chopper (Minotaur Berserker)         Turns: 1536, Time: 00:03:38

Health: -6/60      AC:  2    Str: 23    XL:     4   Next: 4%
Magic:  3/3        EV: 12    Int:  4    God:    Trog [**....]
Gold:   58         SH:  0    Dex: 10    Spells: 3/3 levels left

rFire   . . .      SeeInvis .   a - +0 hand axe
rCold   . . .      Faith    .   (no shield)
rNeg    . . .      Spirit   .   b - +0 animal skin
rPois   .          Reflect  .   (helmet restricted)
rElec   .          Harm     .   (no cloak)
rCorr   .          Rampage  .   (no gloves)
Will    .....                   (no boots)
Stlth   ..........              (no amulet)
HPRegen 0.20/turn               (no ring)
MPRegen 0.08/turn               (no ring)

@: berserking, lethally poisoned (-6 -> -8), very quick
A: horns 2, retaliatory headbutt
a: Renounce Religion, Berserk, Trog's Hand


You were on level 2 of the Dungeon.
You worshipped Trog.
Trog was pleased with you.
You visited 1 branch of the dungeon, and saw 2 of its levels.

You collected 58 gold pieces.

Inventory:

Hand Weapons
 a - a +0 hand axe (weapon)
Missiles
 c - 29 stones (quivered)
Armour
 b - a +0 animal skin (worn)
Scrolls
 e - a scroll of noise {unknown}
 f - a scroll of amnesia
 g - a scroll of summoning {unknown}
 i - a scroll of teleportation {unknown}
 j - a scroll of magic mapping {unknown}
 k - a scroll of fear {unknown}
Potions
 d - 2 potions of heal wounds {unknown}
 h - 2 potions of lignification {unknown}


   Skills:
 + Level 4.3 Fighting
 + Level 4.3 Axes
 + Level 3.4 Armour
 + Level 3.0 Dodging


You had 3 spell levels left.
You didn't know any spells.
Your spell library was empty.

Dungeon Overview and Level Annotations

Branches:
Dungeon (2/15)

Altars:


Innate Abilities, Weirdness & Mutations

You have a pair of horns on your head.
You reflexively headbutt those who attack you in melee.


Message History

An adder comes into view.
The gnoll throws a stone.
The stone hits you. The gnoll barely misses you. You furiously retaliate!
You headbutt the gnoll. You barely miss the gnoll.
The gnoll is severely wounded.
The gnoll throws a stone.
The stone closely misses you.
A gnoll comes into view. It is wielding a +0 halberd.
The gnoll barely misses you.
The gnoll shouts!
You hit the gnoll but do no damage. Your headbutt misses the gnoll.
The gnoll is severely wounded.
The gnoll hits you with a +0 club.
A gnoll comes into view. It is wielding a +0 club.
You barely miss the gnoll.
The gnoll is severely wounded.
The gnoll throws a stone.
The stone closely misses you. The gnoll barely misses you.
You hit the gnoll.
You kill the gnoll!
Trog accepts your kill.
You miss the adder. The adder bites you but does no damage.
The gnoll closely misses you. The adder bites you.
* * * LOW HITPOINT WARNING * * *
You are poisoned.
The adder poisons you!
Your Dodging skill increases to level 3!
You have reached level 4!
You feel agile.
You fail to use your ability.
You feel sick.
A bat comes into view.
The gnoll misses you. The adder bites you.
* * * LOW HITPOINT WARNING * * *
A red film seems to cover your vision as you go berserk!
You feel yourself moving faster!
You feel mighty!
You feel sick. The gnoll barely misses you. The adder barely misses you.
You feel a strong urge to attack something.
You feel sick.
The gnoll throws a stone.
The stone hits you.
* * * LOW HITPOINT WARNING * * *
The gnoll hits you from afar with a +0 halberd!
You die...

#. ###.#######
..........######
...............
.............#
.............#
.......††....#
......b@..# #
....gg.S).##############
.
........................
##
.....g..........##......
.#
......####..............
.# ......
#......##...... ##
###.## #......##......
.. #......##...... ..
###############


You could see 3 gnolls, an adder and a bat.

Vanquished Creatures
  A gnoll (D:2)
  3 adders (D:2)
  2 bats (D:1)
  5 endoplasms
  2 giant cockroaches (D:1)
  2 goblins
  A hobgoblin (D:2)
  2 jackals (D:2)
  3 quokkas
  4 ball pythons
  A frilled lizard (D:2)
  3 kobolds
  5 rats
34 creatures vanquished.

Notes
Turn   | Place    | Note
-------+----------+-------------------------------------------
     0 | D:1      | venomsnake the Minotaur Berserker began the quest for the
                  | Orb.
     0 | D:1      | Reached XP level 1. HP: 19/19 MP: 0/0
   331 | D:1      | Reached XP level 2. HP: 27/27 MP: 1/1
  1350 | D:2      | Found a faded altar of an unknown god.
  1368 | D:2      | Reached XP level 3. HP: 33/33 MP: 2/2
  1522 | D:2      | Reached ** piety under Trog
  1534 | D:2      | Reached XP level 4. HP: 10/40 MP: 3/3
  1536 | D:2      | Mangled by a gnoll

Illustrated notes

Levels and vault maps discovered:
D:1:      sevenhm_arrival_forest_fort_large_2, layout_basic,
          hangedman_decor_slide_cut
D:2:      layout_basic, basic_ecumenical_altar, minmay_surrounded,
          uniq_crazy_yiuf_cottage

Skill      XL: |  1  2  3 |
---------------+----------+-----
Fighting       | 4 |  4.3
Axes           | 4 |  4.3
Armour         | 3 |  3.4
Dodging        | 3 |  3.0

Action                   |  1- 3 |  4- 6 || total
-------------------------+-------+-------++-------
Melee: Hand axe          |    78 |       ||    78
       Headbutt          |     6 |       ||     6
Invok: Berserk           |       |     1 ||     1
  Use: Scroll            |     1 |       ||     1
Armor: Animal skin       |    13 |       ||    13
Dodge: Dodged            |    60 |     3 ||    63
